 Dungeon Crawl Stone Soup version 0.22.1-1-ga44c0e5 (webtiles) character file.

20337 aMcNicky the Carver (level 12, -11/108 HPs)
             Began as a Black Draconian Monk on Oct 11, 2018.
             Was a Priest of Makhleb.
             Killed from afar by an ice statue (21 damage)
             ... with a shard of ice
             ... in an ice cave on Oct 12, 2018.
             The game lasted 01:31:49 (17152 turns).

aMcNicky the Carver (Black Draconian Monk)         Turns: 17152, Time: 01:31:49

Health: -11/108    AC: 21    Str: 21    XL:     12   Next: 44%
Magic:  18/18      EV: 17    Int: 14    God:    Makhleb [***...]
Gold:   532        SH:  0    Dex: 20    Spells: 11/11 levels left

rFire    x . .     SeeInvis .   a - +2 falchion (protect)
rCold    + . .     Gourm    .   M - +0 large shield
rNeg     . . .     Faith    .   (armour unavailable)
rPois    .         Spirit   .   o - +2 hat
rElec    +         Reflect  .   N - scarf {repulsion}
rCorr    .         Harm     .   D - +2 pair of gloves
MR       .....     NoTele   +   E - +0 pair of boots "Tytron" {-Tele Str+7 Int+3 Dex+2}
Stlth    +.........             w - amulet of regeneration
HPRegen  0.68/turn              g - +1 ring of evasion
MPRegen  0.16/turn              V - ring of ice

@: confused, lethally poisoned (-11 -> -11), protection aura, repel missiles
A: breathe lightning, unfitting armour, electricity resistance, cold-blooded, AC
+8
a: Breathe Lightning, Minor Destruction, Lesser Servant of Makhleb, Renounce
Religion


You were in an ice cave.
You worshipped Makhleb.
Makhleb was most pleased with you.
You were not hungry.

You visited 3 branches of the dungeon, and saw 16 of its levels.
You also visited: Ice Cave.

You collected 708 gold pieces.
You spent 176 gold pieces at shops.

Inventory:

Hand Weapons
 a - a +2 falchion of protection (weapon)
 b - a +2 hand crossbow of flaming
 H - a +1 hand axe of flaming
Missiles
 O - 71 bolts
Armour
 o - a +2 hat (worn)
 x - a +0 cloak
 y - a +0 pair of boots
 D - a +2 pair of gloves (worn)
 E - the +0 pair of boots "Tytron" (worn) {-Tele Str+7 Int+3 Dex+2}
   (You found it on level 3 of the Lair of Beasts)

   It affects your strength (+7).
   It affects your intelligence (+3).
   It affects your dexterity (+2).
   It prevents most forms of teleportation.
 M - a +0 large shield (worn)
 N - a scarf of repulsion (worn)
Jewellery
 g - a +1 ring of evasion (left hand)
 i - an uncursed ring of fire
 l - an uncursed ring of poison resistance
 m - an uncursed ring of positive energy
 w - an amulet of regeneration (around neck)
 G - an uncursed ring of resist corrosion
 U - an uncursed ring of wizardry {unknown}
 V - a ring of ice (right hand)
Wands
 r - a wand of flame (33)
 t - a wand of polymorph (12)
 C - a wand of random effects (26)
 R - a wand of acid (6)
Scrolls
 c - 3 scrolls of teleportation
 d - 3 scrolls of fog
 e - a scroll of magic mapping
 j - 6 scrolls of remove curse {@r2}
 k - 3 scrolls of amnesia
 v - a scroll of fear {unknown}
 K - a scroll of enchant armour {unknown}
 L - a scroll of enchant weapon {unknown}
 P - a scroll of immolation {unknown}
 T - a scroll of vulnerability {unknown}
Potions
 f - 3 potions of flight
 h - 2 potions of mutation
 n - 2 potions of agility {unknown}
 p - a potion of lignification {unknown}
 s - a potion of ambrosia
 u - 2 potions of magic {unknown}
 z - 2 potions of curing {unknown}
 A - a potion of haste {unknown}
 B - a potion of cancellation {unknown}
 F - 2 potions of heal wounds {unknown}
 I - a potion of berserk rage {unknown}
 J - 2 potions of brilliance {unknown}
 S - a potion of resistance {unknown}
 W - a potion of invisibility {unknown}
Miscellaneous
 Q - a box of beasts
Comestibles
 q - 25 rations


   Skills:
 + Level 10.8 Fighting
 + Level 11.7 Long Blades
   Level 2.3 Bows
 + Level 3.2 Crossbows
 + Level 9.2 Dodging
 - Level 1.7 Stealth
 * Level 5.4 Shields
 + Level 9.1 Invocations
 - Level 1.8 Evocations


You had 11 spell levels left.
You didn't know any spells.
Your spell library contained the following spells:

 Spells                   Type           Power        Failure   Level  Hunger
 Beastly Appendage        Tmut           #.....       98%         1    ##.....
 Confusing Touch          Hex            #.....       98%         1    ##.....
 Corona                   Hex            #......      98%         1    ##.....
 Magic Dart               Conj           #...         98%         1    ##.....
 Ensorcelled Hibernation  Hex/Ice        #.....       99%         2    ###....
 Searing Ray              Conj           #.....       99%         2    ###....
 Sticks to Snakes         Tmut           #.......     99%         2    ###....
 Confuse                  Hex            #.......     100%        3    ####...
 Dazzling Spray           Conj/Hex       #.....       100%        3    ####...
 Gell's Gravitas          Tloc           #.........   100%        3    ####...
 Spider Form              Tmut/Pois      #.........   100%        3    ####...
 Tukima's Dance           Hex            #.......     100%        3    ####...
 Force Lance              Conj/Tloc      #.......     100%        4    #####..
 Fulminant Prism          Conj/Hex       #.........   100%        4    #####..
 Ice Form                 Ice/Tmut       #.......     100%        4    #####..
 Iskenderun's Mystic Bla  Conj           #.......     100%        4    #####..
 Petrify                  Tmut/Erth      #.......     100%        4    #####..
 Blade Hands              Tmut           #.........   100%        5    ######.
 Metabolic Englaciation   Hex/Ice        #.........   100%        5    ######.
 Yara's Violent Unravell  Hex/Tmut       #.........   100%        5    ######.


Dungeon Overview and Level Annotations

Branches:
Dungeon (10/15)            Temple (1/1) D:4            Lair (5/6) D:8
 Shoals (0/4) Lair:3        Snake (0/4) Lair:2          Orc (0/2) D:10
  Slime: Lair:5-6

Altars:
Ashenzari
Cheibriados
Dithmenos
Elyvilon
Fedhas
Gozag
Hepliaklqana
Kikubaaqudgha
Makhleb
Nemelex Xobeh
Okawaru
Qazlal
Ru
Sif Muna
Trog
Uskayaw
Vehumet
Wu Jian
Xom
Yredelemnul
Zin
The Shining One

Shops:
D:5 *!:   D:7 !

Portals:
Labyrinth: Lair:5

Annotations:
IceCv 1 transporter, exclusion: 2 ice statues


Innate Abilities, Weirdness & Mutations

You can breathe wild blasts of lightning.
Your glossy black scales are hard. (AC +8)
You cannot fit into any form of body armour.
You are resistant to electric shocks. (rElec)
You are cold-blooded and may be slowed by cold attacks.


Message History

You're too confused to move!
Your ynoxinul hits the orange demon! The ice beast closely misses you.
The ice beast barely misses you. The ice statue gestures at you.
The bolt of cold hits you! You resist.
* * * LOW HITPOINT WARNING * * *
The bolt of cold hits the ice statue.
The ice statue completely resists.
The ice statue gestures at your ynoxinul.
The bolt of cold hits the ice beast.
The ice beast completely resists.
The bolt of cold hits your ynoxinul.
Your ynoxinul resists.
The ice beast misses you.
The orange demon stings you but does no damage.
Your shield prevents you from hitting the ice beast.
The ice beast is severely wounded.
You feel sick.
The ice beast hits you but does no damage.
The ice beast barely misses you. The ice statue gestures at you.
The shard of ice hits you! You partially resist.
You die...

###########
##...$©$...##
#...8.}.8...#
##....).$....##
#....YY?......#
#....8@..8....#
#...4.†Y......#
##....3......#
#...........#
#.....©.....#
##.........##
##...∩...##
##.....##
#######


You could see 2 ice statues, an orange demon, 3 ice beasts and a friendly
ynoxinul.

Vanquished Creatures
  4 hydras
  A black mamba (Lair:3)
  6 spiny frogs
  3 komodo dragons
  Grinder (D:3)
  A jumping spider (D:8)
  11 blink frogs
  6 hippogriffs
  20 yaks
  A wraith (D:10)
  2 basilisks
  4 nagas
  Menkaure (D:6)
  4 water moccasins
  7 porcupines
  An orc warrior (D:9)
  3 ice beasts
  2 sky beasts
  3 ogres
  3 centaurs
  A phantom (D:9)
  8 crocodiles
  2 big kobolds
  11 bullfrogs
  A wyvern skeleton (D:8)
  2 scorpions
  7 killer bees
  2 wights
  2 howler monkeys (D:7)
  2 crimson imps
  2 bullfrog zombies
  3 hounds
  4 jellies
  8 orc priests
  4 orc wizards
  2 iguanas (D:9)
  9 worker ants
  2 killer bee zombies
  A hound zombie (D:6)
  A hound skeleton (D:7)
  A howler monkey skeleton (D:7)
  9 adders
  4 gnolls
  12 white imps (Lair:5)
  An ooze (D:1)
  A worm (D:4)
  2 dart slugs
  2 leopard geckos
  17 orcs
  2 ball pythons
  6 giant cockroaches
  5 goblins
  8 hobgoblins
  21 jackals
  A quokka (D:8)
  5 bats
  3 frilled lizards
  A jackal skeleton (D:4)
  11 kobolds
  A quokka zombie (D:7)
  3 rats
274 creatures vanquished.

Vanquished Creatures (collateral kills)
  Rupert (Lair:3)
  2 ugly things (IceCv)
  A naga (Lair:2)
  4 ice beasts (IceCv)
  A porcupine (Lair:3)
9 creatures vanquished.

Vanquished Creatures (others)
  An orc wizard (D:10)
  3 fungi
  4 plants
8 creatures vanquished.

Grand Total: 291 creatures vanquished

Notes
Turn   | Place    | Note
-------+----------+-------------------------------------------
     0 | D:1      | aMcNicky the Draconian Monk began the quest for the Orb.
     0 | D:1      | Reached XP level 1. HP: 19/19 MP: 1/1
     6 | D:1      | Noticed an iguana
     6 | D:1      | Noticed a tyrant leech
     6 | D:1      | Noticed a soldier ant
     7 | D:1      | Noticed an ettin
   218 | D:1      | Reached XP level 2. HP: 26/26 MP: 2/2
   454 | D:1      | Found a shimmering altar of Xom.
   604 | D:1      | Reached XP level 3. HP: 33/33 MP: 3/3
   893 | D:2      | Found a sacrificial altar of Ru.
  1518 | D:3      | Reached skill level 4 in Long Blades
  1880 | D:2      | Reached XP level 4. HP: 9/40 MP: 4/4
  2254 | D:3      | Found a radiant altar of Vehumet.
  2627 | D:3      | Reached XP level 5. HP: 36/46 MP: 5/5
  2837 | D:3      | Found a deep blue altar of Sif Muna.
  2838 | D:3      | Found a blossoming altar of Fedhas.
  3063 | D:3      | Found a glowing silver altar of Zin.
  3216 | D:3      | Found a bloodstained altar of Trog.
  3217 | D:3      | Found a snail-covered altar of Cheibriados.
  3569 | D:4      | Noticed an ogre
  3631 | D:4      | Reached skill level 5 in Long Blades
  4340 | D:4      | Noticed Grinder
  5020 | D:3      | Paralysed by Grinder for 4 turns
  5129 | D:3      | Paralysed by Grinder for 4 turns
  5135 | D:3      | Killed Grinder
  5135 | D:3      | Reached skill level 5 in Fighting
  5135 | D:3      | Reached XP level 6. HP: 20/56 MP: 6/6
  5363 | D:4      | Reached skill level 6 in Long Blades
  5363 | D:4      | Your scales start taking on a glossy black colour.
  5363 | D:4      | Reached XP level 7. HP: 45/61 MP: 7/7
  5363 | D:4      | Gained mutation: You are resistant to electric shocks.
                  | (rElec) [Black Draconian growth]
  5616 | D:4      | Found a staircase to the Ecumenical Temple.
  5626 | Temple   | Entered the Ecumenical Temple
  5708 | Temple   | Became a worshipper of Makhleb the Destroyer
  5708 | Temple   | Reached * piety under Makhleb
  5708 | Temple   | Reached ** piety under Makhleb
  5779 | D:5      | Entered Level 5 of the Dungeon
  6057 | D:5      | Found Retiab's Book Boutique.
  6108 | D:5      | Reached skill level 1 in Evocations
  6224 | D:5      | Found an ornate altar of the Wu Jian Council.
  6282 | D:5      | Found a stormy altar of Qazlal.
  6489 | D:5      | Found Horioq's Distillery.
  6609 | D:5      | Found Hyeq's General Store.
  6846 | D:6      | Noticed Blork the orc
  6862 | D:6      | Noticed Blork
  6862 | D:6      | Blork the orc changed into Blork the adder
  6865 | D:6      | Killed Blork the adder
  6896 | D:6      | Noticed Menkaure
  7232 | D:6      | Found a glowing golden altar of the Shining One.
  7305 | D:6      | Reached skill level 7 in Long Blades
  7305 | D:6      | Reached XP level 8. HP: 48/70 MP: 9/9
  7491 | D:6      | Found an opulent altar of Gozag.
  7597 | D:6      | Killed Menkaure
  7597 | D:6      | Reached skill level 5 in Dodging
  7597 | D:6      | Reached skill level 1 in Invocations
  8715 | D:7      | Reached skill level 8 in Long Blades
  8762 | D:7      | Found a shadowy altar of Dithmenos.
  8805 | D:7      | Found Onned's Distillery.
  9499 | D:8      | Found a staircase to the Lair.
  9582 | D:8      | Noticed a hippogriff
  9584 | D:8      | Noticed a black mamba
  9584 | D:8      | a hippogriff changed into a black mamba
  9585 | D:8      | Noticed a jumping spider
  9585 | D:8      | a black mamba changed into a jumping spider
  9593 | D:8      | Killed a jumping spider
  9593 | D:8      | Reached XP level 9. HP: 69/79 MP: 11/11
  9770 | D:8      | Noticed a komodo dragon
  9880 | D:8      | Reached *** piety under Makhleb
 10215 | D:8      | Killed a komodo dragon
 10215 | D:8      | Reached skill level 9 in Long Blades
 10734 | D:9      | Reached skill level 5 in Invocations
 11100 | D:10     | Entered Level 10 of the Dungeon
 11166 | D:10     | Reached skill level 10 in Long Blades
 11166 | D:10     | Reached XP level 10. HP: 87/88 MP: 13/13
 11183 | D:10     | Reached **** piety under Makhleb
 11569 | D:10     | Found a staircase to the Orcish Mines.
 11971 | Lair:1   | Entered Level 1 of the Lair of Beasts
 12002 | Lair:1   | Noticed a spiny frog
 12008 | Lair:1   | Killed a spiny frog
 12596 | Lair:1   | Reached XP level 11. HP: 97/97 MP: 16/16
 13283 | D:5      | Bought a +2 hat for 176 gold pieces
 13484 | Lair:2   | Reached skill level 11 in Long Blades
 13484 | Lair:2   | Reached skill level 1 in Bows
 13722 | Lair:2   | Found a staircase to the Snake Pit.
 13744 | Lair:2   | Noticed an eight-headed hydra
 13751 | Lair:2   | Killed an eight-headed hydra
 13913 | Lair:2   | Reached skill level 10 in Fighting
 13951 | Lair:2   | Reached ***** piety under Makhleb
 14285 | Lair:3   | Found a staircase to the Shoals.
 14808 | Lair:3   | Noticed a six-headed hydra
 14822 | Lair:3   | Killed a six-headed hydra
 14822 | Lair:3   | Reached skill level 1 in Shields
 14834 | Lair:3   | Reached skill level 1 in Crossbows
 15051 | Lair:3   | Noticed a four-headed hydra
 15078 | Lair:3   | Killed a one-headed hydra
 15240 | Lair:3   | Got a pair of faintly humming boots
 15251 | Lair:3   | Identified the cursed +0 pair of boots "Tytron" {-Tele
                  | Str+7 Int+3 Dex+2} (You found it on level 3 of the Lair of
                  | Beasts)
 15932 | Lair:3   | Noticed Rupert
 15933 | Lair:3   | Paralysed by Rupert for 4 turns
 15957 | Lair:3   | Killed Rupert
 15957 | Lair:3   | Reached XP level 12. HP: 92/107 MP: 18/18
 16504 | Lair:4   | Noticed a seven-headed hydra
 16515 | Lair:4   | Killed a five-headed hydra
 16515 | Lair:4   | Reached skill level 5 in Shields
 17044 | Lair:5   | Found a frozen archway.
 17068 | Lair:5   | Found a labyrinth entrance.
 17082 | IceCv    | Entered an ice cave
 17108 | IceCv    | Found a transporter.
 17125 | IceCv    | Found a transporter.
 17152 | IceCv    | Killed from afar by an ice statue

Skill      XL: |  1  2  3  4  5  6  7  8  9 10 11 12 |
---------------+-------------------------------------+-----
Dodging        | 3 4 5 6 7 8 9 |  9.2
Long Blades    | 4 5 6 7 8 10 11 | 11.7
Fighting       | 4 5 7 8 9 10 | 10.8
Evocations     | 1 |  1.8
Invocations    | 3 5 7 8 9 |  9.1
Bows           | 2 |  2.3
Shields        | 4 5 |  5.4
Crossbows      | 2 3 |  3.2
Stealth        | |  1.7

Action                   |  1- 3 |  4- 6 |  7- 9 | 10-12 || total
-------------------------+-------+-------+-------+-------++-------
Melee: Falchion          |   120 |   125 |   437 |   558 ||  1240
       Tailslap          |    18 |    29 |    62 |   134 ||   243
       Hand axe          |       |       |       |    19 ||    19
 Fire: Shortbow          |       |       |    50 |    94 ||   144
       Hand crossbow     |       |       |       |    40 ||    40
Throw: Stone             |     1 |     5 |    11 |     1 ||    18
Invok: Minor Destruction |       |       |     9 |    52 ||    61
       Lesser Servant of |       |       |       |    13 ||    13
       Major Destruction |       |       |       |     7 ||     7
 Abil: Breathe Lightning |       |       |    14 |    15 ||    29
Evoke: Wand              |       |    12 |    19 |     6 ||    37
       Box of beasts     |       |       |       |     1 ||     1
  Use: Scroll            |       |     6 |     2 |    14 ||    22
       Potion            |       |       |       |     1 ||     1
 Stab: Sleeping          |     4 |     4 |       |     1 ||     9
       Distracted        |       |       |     1 |     1 ||     2
  Eat: Chunk             |     3 |     6 |    16 |     7 ||    32
       Ration            |       |     2 |     1 |     5 ||     8
Armor: Skin              |    32 |    19 |   128 |   150 ||   329
Dodge: Dodged            |    78 |    55 |   352 |   390 ||   875
       Deflected         |       |       |       |     8 ||     8
Block: Large shield      |       |       |       |   223 ||   223
       Rpst.: Falchion   |    27 |    24 |   112 |    97 ||   260
